 Dungeon Crawl Stone Soup version 0.24-a0-581-gc0fa6600bf (webtiles) character file.

Game seed: 18106822354004573420

5 Amnesiac the Vexing (level 1, -1/10 HPs)
             Began as a Deep Elf Enchanter on Aug 24, 2019.
             Slain by a leopard gecko (3 damage)
             ... on level 1 of the Dungeon.
             The game lasted 00:01:09 (389 turns).

Amnesiac the Vexing (Deep Elf Enchanter)             Turns: 389, Time: 00:01:09

Health: -1/10      AC:  2    Str:  5    XL:     1   Next: 66%
Magic:  5/6        EV: 13    Int: 19    God:
Gold:   34         SH:  0    Dex: 15    Spells: 5/6 levels left

rFire    . . .     SeeInvis .   a - +1 dagger
rCold    . . .     Gourm    .   (no shield)
rNeg     . . .     Faith    .   b - +0 robe
rPois    .         Spirit   .   (no helmet)
rElec    .         Reflect  .   (no cloak)
rCorr    .         Harm     .   (no gloves)
MR       .....                  (no boots)
Stlth    +++.......             (no amulet)
HPRegen  0.03/turn              (no ring)
MPRegen  0.10/turn              (no ring)

@: no status effects
A: no striking features
a: no special abilities


You were on level 1 of the Dungeon.
You were not hungry.

You visited 1 branch of the dungeon, and saw 2 of its levels.

You collected 34 gold pieces.

Inventory:

Hand Weapons
 a - a +1 dagger (weapon)
Armour
 b - a +0 robe (worn)
Scrolls
 c - a scroll of identify {unknown}
 g - a scroll of random uselessness {unknown}
Potions
 e - a potion of cancellation {unknown}
Comestibles
 d - a ration
 f - a chunk of flesh


   Skills:
 + Level 1.1 Short Blades
 + Level 2.5 Dodging
 + Level 3.7 Stealth
 + Level 3.1 Spellcasting
 + Level 4.1 Hexes


You had 5 spell levels left.
You knew the following spells:

 Your Spells              Type           Power        Failure   Level  Hunger
a - Corona                Hex            ###....      2%          1    None

Your spell library contained the following spells:

 Spells                   Type           Power        Failure   Level  Hunger
 Confuse                  Hex            ###.....     9%          3    ###....
 Tukima's Dance           Hex            ###.....     9%          3    ###....
 Ensorcelled Hibernation  Hex/Ice        ##....       10%         2    ##.....
 Dazzling Spray           Conj/Hex       ##....       19%         3    ###....


Dungeon Overview and Level Annotations

Branches:
Dungeon (2/15)

Altars:


Message History

The helpless kobold fails to defend itself.
You puncture the kobold!
You kill the kobold!
The leopard gecko hisses angrily.
Casting: Corona (safe; 2% risk of failure)
Confirm with . or Enter, or press ? or * to list all spells.
Aiming: Corona (safe; 2% risk of failure)
Press: ? - help, Shift-Dir - straight line, f - leopard gecko
Aim: a leopard gecko (clinging, chance to defeat MR: 73%)
The leopard gecko is outlined in light.
The leopard gecko bites you.
You barely miss the leopard gecko. The leopard gecko bites you.
Ouch! That really hurt!
You hit the leopard gecko.
The leopard gecko is moderately wounded.
The leopard gecko bites you.
* * * LOW HITPOINT WARNING * * *
You hit the leopard gecko.
The leopard gecko is heavily wounded.
The leopard gecko bites you.
You die...

# # #### ## # ..# .. # #)#
.# # #.## .# #. #..##.#
### #####.####.#.#l# #..
.............@.# #.#
#..............# #.#
#####.##.#..##.# #.#
#.##.#..##.#####.#########
#.......##.........÷..)...
#.##.##.########.#########
#.##.##.# #..........
#..÷....# #..#######.
####.#### #......#


You could see a leopard gecko.

Vanquished Creatures
  A goblin (D:1)
  2 hobgoblins (D:1)
  A frilled lizard (D:1)
  A kobold (D:1)
5 creatures vanquished.

Notes
Turn   | Place    | Note
-------+----------+-------------------------------------------
     0 | D:1      | Amnesiac the Deep Elf Enchanter began the quest for the
                  | Orb.
     0 | D:1      | Reached XP level 1. HP: 10/10 MP: 6/6
   389 | D:1      | Slain by a leopard gecko

Levels and vault maps discovered:
D:1:      tarquinn_simple_flora_water_b, layout_loops_ring
D:2:      layout_loops_corners, serial_forest, infiniplex_forest_end_double,
          infiniplex_forest_join, infiniplex_forest_lined_2,
          infiniplex_forest_pool, infiniplex_forest_end_2,
          infiniplex_forest_side_room, infiniplex_forest_lined_room_2,
          amethyst_killhole, minivault_25

Action                   || total
-------------------------++-------
Melee: Dagger            ||    21
 Cast: Corona            ||     5
 Stab: Sleeping          ||     2
Dodge: Dodged            ||    11

Table legend:
 A = Non-vault XP
 B = Vault XP
 C = Vault XP percentage of total XP
 D = Non-vault monster count
 E = Vault monster count
 F = Vault count percentage of total count
                 A         B        C        D         E       F
            +---------+---------+-------+---------+---------+-------
      Total |       8 |       0 |   0.0 |       5 |       0 |   0.0
            +---------+---------+-------+---------+---------+-------
        D:1 |       8 |       0 |   0.0 |       5 |       0 |   0.0
            +---------+---------+-------+---------+---------+-------
